 Dungeon Crawl Stone Soup version 0.18.1-50-g88ac8fd (webtiles) character file.

120257 Gargoyl the Corrupter of Planes (level 16, -16/127 HPs)
             Began as a Demonspawn Abyssal Knight on Oct 27, 2016.
             Was the Champion of Lugonu.
             Killed from afar by an Ice Fiend (48 damage)
             ... with a bolt of cold
             ... in an ice cave.
             The game lasted 01:03:55 (26374 turns).

Gargoyl the Corrupter of Planes (DsAK)             Turns: 26374, Time: 01:03:56

Health: -16/127    AC: 25    Str: 19    XL:     16   Next: 29%
Magic:  27/27      EV:  8    Int: 15    God:    Lugonu [******]
Gold:   2023       SH: 18    Dex: 20    Spells: 0 memorised, 15 levels left

rFire  + + .     SeeInvis +     p - +9 war axe (elec)
rCold  . . .     Gourm    .     T - +1 plate armour {rF+}
rNeg   . . .     Faith    .     O - +1 large shield {AC+3}
rPois  .         Spirit   .     (helmet unavailable)
rElec  .         Dismiss  .     r - +2 cloak
rCorr  .         Reflect  .     W - +0 pair of gloves
SustAt .         Harm     .     (no boots)
MR     ++...                    (no amulet)
Stlth  ..........               A - ring of protection from magic
                                U - ring of see invisible

@: very resistant to hostile enchantments, extremely unstealthy
A: horns 3, thin skeletal structure 3, blink, fire resistance 1, powered by
death 1, powered by pain 1, strong 1
a: Blink, Depart the Abyss, Bend Space, Banish, Corrupt, Enter the Abyss, Brand
Weapon With Distortion, Renounce Religion


You were in an ice cave.
You worshipped Lugonu.
Lugonu was exalted by your worship.
You were not hungry.

You visited 4 branches of the dungeon, and saw 26 of its levels.
You visited the Abyss 1 time.
You also visited: Ossuary, Bailey and Ice Cave.

You collected 3099 gold pieces.
You spent 1076 gold pieces at shops.

Inventory:

Hand Weapons
 e - a +8 war axe of flaming
 p - a +9 war axe of electrocution (weapon)
 N - a +1 broad axe of venom
 P - the +3 trident "Pendulum" {venom, Fragile rN++ MR+ Int+3, unknown}
   (You found it in an ice cave)

   It poisons the flesh of those it strikes.
   It affects your intelligence (+3).
   It greatly protects you from negative energy.
   It affects your resistance to hostile enchantments.
   It will be destroyed if unequipped.
Missiles
 Y - 4 javelins of returning (quivered)
Armour
 r - a +2 cloak (worn)
 O - a +1 large shield of protection (worn)
 T - a +1 plate armour of fire resistance (worn)
 W - a +0 pair of gloves (worn)
Jewellery
 b - an uncursed ring of poison resistance
 A - a ring of protection from magic (right hand)
 E - a cursed ring of positive energy
 G - an uncursed ring of flight
 K - a +2 ring of dexterity
 U - a ring of see invisible (left hand)
Wands
 u - a wand of paralysis (15/24)
 H - a wand of slowing (29/48)
 J - a wand of hasting (3/9)
 Q - a wand of lightning (6/15)
 V - a wand of iceblast (12/15)
Scrolls
 f - 4 scrolls of blinking
 g - 9 scrolls of remove curse
 h - a scroll of magic mapping
 l - 5 scrolls of identify
 q - 5 scrolls of recharging
 s - 2 scrolls of amnesia
 t - 3 scrolls of teleportation
 v - a scroll of fear
 x - 4 scrolls of fog
 L - 2 scrolls of brand weapon
Potions
 a - 2 potions of brilliance
 d - 2 potions of cure mutation
 i - a potion of curing
 j - 2 potions of magic
 k - a potion of haste
 m - 3 potions of might
 z - 3 potions of ambrosia
 D - 2 potions of invisibility
 I - a potion of agility
 M - a potion of cancellation
Books
 o - the Handbook of Ashen Necromancy
   (You found it on level 7 of the Lair of Beasts)

   Spells                             Type                      Level
   a - Leda's Liquefaction            Hexes/Earth                  4
   b - Bolt of Draining               Conjuration/Necromancy       5
   c - Agony                          Necromancy                   5
   d - Simulacrum                     Ice/Necromancy               6
 y - a book of Air

   Spells                             Type                      Level
   a - Shock                          Conjuration/Air              1
   b - Swiftness                      Charms/Air                   2
   c - Repel Missiles                 Charms/Air                   2
   d - Static Discharge               Conjuration/Air              3
   e - Lightning Bolt                 Conjuration/Air              5
 C - a book of the Earth

   Spells                             Type                      Level
   a - Leda's Liquefaction            Hexes/Earth                  4
   b - Bolt of Magma                  Conjuration/Fire/Earth       5
   c - Statue Form                    Transmutation/Earth          6
   d - Iron Shot                      Conjuration/Earth            6
   e - Shatter                        Earth                        9
 R - a Necronomicon

   Spells                             Type                      Level
   a - Haunt                          Necromancy/Summoning         7
   b - Borgnjor's Revivification      Necromancy                   8
   c - Death's Door                   Charms/Necromancy            8
   d - Necromutation                  Transmutation/Necromancy     8
 S - a book of the Tempests

   Spells                             Type                      Level
   a - Static Discharge               Conjuration/Air              3
   b - Lightning Bolt                 Conjuration/Air              5
   c - Fireball                       Conjuration/Fire             5
   d - Tornado                        Air                          9
   e - Shatter                        Earth                        9
Comestibles
 c - 9 bread rations
 n - 6 slices of pizza
 w - a fruit
 B - 7 meat rations
 F - 2 beef jerkies
 Z - 3 royal jellies


   Skills:
 + Level 11.9 Fighting
 + Level 13.0 Axes
 + Level 0.3 Throwing
 * Level 14.3 Armour
 + Level 7.2 Dodging
 + Level 9.4 Shields
 * Level 15.7 Invocations


You had 15 spell levels left.
You didn't know any spells.

Dungeon Overview and Level Annotations

Branches:
Dungeon (15/15)            Temple (0/1) D:4            Lair (8/8) D:11
  Swamp (0/4) Lair:4        Snake (0/4) Lair:5        Slime (0/6) Lair:7
    Orc (2/2) D:10            Elf (1/3) Orc:2        Vaults (0/5) D:14
 Depths (0/5) D:15

Altars:
Ashenzari
Dithmenos
Elyvilon
Fedhas
Gozag
Makhleb
Pakellas
Ru
Sif Muna
Trog
Beogh
Jiyva

Shops:
D:6 *   D:7 ?   D:8 ?   D:12 (   Orc:2 !(%([

Annotations:
Lair:7 1 runed door


Innate Abilities, Weirdness & Mutations

You have a pair of large horns on your head.
You have an unnaturally thin skeletal structure (Dex +6, Stealth++).
You regenerate a little health from kills.
You sometimes gain a little power by taking damage.
You can translocate small distances at will.
Your flesh is heat resistant.
Your muscles are strong. (Str +2)


Message History

The harpy simulacrum barely misses you.
You slash the harpy simulacrum!
Your headbutt misses the harpy simulacrum.
The harpy simulacrum barely misses you.
The harpy simulacrum claws you but does no damage.
You block the harpy simulacrum's attack.
The harpy simulacrum barely misses you.
You slash the harpy simulacrum!
The harpy simulacrum vapourises!
Lugonu accepts your kill.
You slice the ice devil!!
The ice devil is heavily wounded.
The ice devil hits you. The ice devil freezes you!!
* * * LOW HITPOINT WARNING * * *
The Ice Fiend gestures at you.
The bolt of cold hits the death yak simulacrum.
The death yak simulacrum completely resists.
The bolt of cold hits the ice devil.
The ice devil completely resists.
The bolt of cold hits you!
You die...

#....#
#.#.##
##.###
#.##
#.##
#..#
##.#
##.#
#@##
#4#


#ZZ ##1Z Z.Z #..4 .... #..## You could see an Ice Fiend, 2 ice devils, an
eight-headed hydra simulacrum, a death yak simulacrum, a dire elephant
simulacrum, a harpy simulacrum and an iron troll simulacrum.

Vanquished Creatures
  Saint Roka (Orc:1)
  Gastronok (Lair:1)
  A fire giant (D:15)
  Snorg (D:14)
  The ghost of loom the Fencer, a journeyman MiBe of Trog (IceCv)
  Harold (Lair:1)
  Josephine (Lair:8)
  4 catoblepae
  6 hydras
  Erica (Lair:1)
  2 ogre magi (D:15)
  An anaconda (Lair:4)
  2 tengu warriors (D:14)
  3 centaur warriors
  20 death yaks
  An orc high priest (Orc:2)
  2 deep elf knights (Elf:1)
  2 skeletal warriors (D:12)
  2 unseen horrors (D:13)
  An unseen horror (shapeshifter) (D:14)
  3 deep elf archers (Elf:1)
  3 orc knights
  A phantasmal warrior (D:14)
  2 wizards (D:15)
  4 hill giants
  An orc sorcerer (Orc:2)
  5 griffons
  5 cyclopes
  12 deep elf magi
  An oklob plant (D:11)
  2 ugly things (D:13)
  9 elephants
  12 black mambas
  Joseph (D:10)
  4 gargoyles
  2 torpor snails
  4 rime drakes
  8 spiny frogs
  4 freezing wraiths
  4 anaconda simulacra (IceCv)
  10 komodo dragons
  4 ice devils (IceCv)
  6 trolls
  5 two-headed ogres
  2 polar bears
  Prince Ribbit (D:8)
  32 blink frogs
  A vampire (D:15)
  63 yaks
  A dire elephant simulacrum (IceCv)
  5 wraiths
  4 wyverns
  6 hippogriffs
  A steam dragon (D:11)
  A hungry ghost (D:15)
  7 basilisks
  4 vampire mosquitoes (D:15)
  7 wargs
  2 iron troll simulacra (IceCv)
  3 death yak simulacra (IceCv)
  2 nagas (Lair:5)
  Duvessa (D:4)
  2 harpy simulacra (IceCv)
  22 water moccasins
  A soldier ant (D:11)
  A hydra simulacrum (IceCv)
  9 porcupines
  3 phantoms
  An ettin simulacrum (IceCv)
  10 ice beasts
  4 sky beasts
  8 necrophages
  26 ogres
  2 black bears
  39 orc warriors
  17 wolves
  10 centaurs
  18 crocodiles
  A big kobold (D:9)
  9 gnoll sergeants
  A wyvern zombie (D:13)
  15 giant frogs
  Dowan (D:4)
  A water moccasin skeleton (D:5)
  2 scorpions
  4 jellies
  13 killer bees
  12 wights
  2 vampire bats (Lair:5)
  2 electric eels (D:8)
  5 howler monkeys
  4 centaur zombies
  5 crimson imps
  A giant frog zombie (D:7)
  3 draconian simulacra (IceCv)
  A quasit (D:5)
  2 giant frog skeletons
  8 hounds
  20 orc priests
  4 centaur skeletons
  6 gnoll shamans (Bailey)
  12 iguanas
  22 orc wizards
  11 worker ants
  2 spriggan simulacra (IceCv)
  Terence (D:3)
  3 troll simulacra (IceCv)
  18 sheep
  3 big kobold zombies (Ossuary)
  A centaur simulacrum (IceCv)
  2 hound zombies
  2 hound skeletons
  4 mummies (Ossuary)
  A howler monkey skeleton (D:6)
  18 gnolls
  16 adders
  4 naga simulacra (IceCv)
  An ogre simulacrum (IceCv)
  27 river rats
  2 shadow imps (D:5)
  4 white imps (IceCv)
  3 ufetubi (IceCv)
  An adder zombie (D:7)
  2 adder skeletons (D:6)
  A worm (D:2)
  2 dart slugs
  3 giant geckos
  95 orcs
  A ball python (D:5)
  3 giant cockroaches
  A gnoll zombie (Ossuary)
  9 goblins
  5 hobgoblins
  19 jackals
  7 kobolds
  2 quokkas (D:7)
  13 bats
  A giant gecko zombie (D:7)
  8 giant newts
  3 goblin zombies (Ossuary)
  A hobgoblin zombie (Ossuary)
  An orc zombie (Ossuary)
  6 rats
  2 rat zombies (Ossuary)
  3 bushes (D:7)
  A fungus (Lair:7)
  7 plants
958 creatures vanquished.

Vanquished Creatures (collateral kills)
  A black mamba (Lair:6)
1 creature vanquished.

Vanquished Creatures (others)
  An orc warlord (D:10)
  The ghost of Dioneo the Nimble, a novice HaGl (D:7)
  A wizard (D:5)
  An electric eel (Lair:6)
  An orc (Orc:2)
  A bush (D:7)
  10 fungi
  9 plants
25 creatures vanquished.

Grand Total: 984 creatures vanquished

Notes
Turn   | Place    | Note
--------------------------------------------------------------
     0 | Abyss:1  | Gargoyl the Demonspawn Abyssal Knight began the quest for the Orb.
     0 | Abyss:1  | Reached XP level 1. HP: 18/18 MP: 2/2
    73 | Abyss:2  | Noticed a smoke demon
    74 | D:1      | Escaped the Abyss
   109 | D:1      | Reached * piety under Lugonu
   138 | D:1      | Gained mutation: You have a pair of small horns on your head. [demonic ancestry]
   138 | D:1      | Reached XP level 2. HP: 12/24 MP: 3/3
  1101 | D:2      | Reached skill level 1 in Dodging
  1101 | D:2      | Gained mutation: You sometimes gain a little power by taking damage. [demonic ancestry]
  1101 | D:2      | Reached XP level 3. HP: 29/29 MP: 5/5
  1274 | D:2      | Reached skill level 3 in Invocations
  1713 | D:3      | Reached ** piety under Lugonu
  1787 | D:3      | Reached XP level 4. HP: 33/36 MP: 6/6
  1855 | D:3      | Noticed Terence
  1864 | D:3      | Killed Terence
  2314 | D:4      | Noticed a centaur
  2320 | D:4      | Killed a centaur
  2320 | D:4      | Reached XP level 5. HP: 34/42 MP: 7/7
  2478 | D:4      | Found a deep blue altar of Sif Muna.
  2538 | D:4      | Found a staircase to the Ecumenical Temple.
  2614 | D:4      | Found a burning altar of Makhleb.
  2744 | D:4      | Noticed Duvessa
  2744 | D:4      | Noticed Dowan
  2750 | D:4      | Killed Dowan
  2750 | D:4      | Reached skill level 4 in Invocations
  2750 | D:4      | Gained mutation: You have a pair of horns on your head. [demonic ancestry]
  2750 | D:4      | Reached XP level 6. HP: 48/48 MP: 7/9
  2751 | D:4      | Killed Duvessa
  2787 | D:4      | You fall through a shaft!
  2787 | D:5      | Entered Level 5 of the Dungeon
  2882 | D:5      | Found a sand-covered staircase.
  2888 | Ossuary  | Entered an ossuary
  2899 | Ossuary  | Gained mutation: You regenerate a little health from kills. [demonic ancestry]
  2899 | Ossuary  | Reached XP level 7. HP: 50/54 MP: 10/10
  2900 | Ossuary  | Reached *** piety under Lugonu
  3078 | D:5      | Reached skill level 5 in Armour
  3321 | D:5      | Found a bloodstained altar of Trog.
  3321 | D:5      | Noticed a wizard
  3328 | D:5      | Killed a wizard
  3726 | D:5      | Reached skill level 5 in Invocations
  3929 | D:5      | Found a sacrificial altar of Ru.
  4010 | D:5      | Reached XP level 8. HP: 60/61 MP: 11/11
  4151 | D:6      | Reached skill level 5 in Fighting
  4194 | D:6      | Found Izater's General Store.
  4226 | D:6      | Gained mutation: You are resistant to hostile enchantments. [potion of mutation]
  4226 | D:6      | Gained mutation: You are highly resistant to hostile enchantments. [potion of mutation]
  4227 | D:6      | Gained mutation: Armour fits poorly on your strangely shaped body. [potion of mutation]
  4227 | D:6      | Gained mutation: You can translocate small distances at will. [potion of mutation]
  4228 | D:6      | Gained mutation: You tend to lose your temper in combat. [potion of mutation]
  4228 | D:6      | Gained mutation: Your muscles are strong. (Str +2) [potion of mutation]
  4228 | D:6      | Lost mutation: Armour fits poorly on your strangely shaped body. [potion of mutation]
  4229 | D:6      | Gained mutation: Your magical capacity is low (-10% MP). [potion of mutation]
  4229 | D:6      | Lost mutation: Your magical capacity is low (-10% MP). [potion of mutation]
  4408 | D:6      | Found an opulent altar of Gozag.
  4411 | D:6      | Reached skill level 5 in Axes
  4466 | D:6      | Reached **** piety under Lugonu
  4565 | D:7      | Found a blossoming altar of Fedhas.
  4585 | D:7      | Found Atih's Magic Scroll Shop.
  4636 | D:7      | Lost mutation: You tend to lose your temper in combat. [potion of cure mutation]
  4636 | D:7      | Lost mutation: You are highly resistant to hostile enchantments. [potion of cure mutation]
  4636 | D:7      | Lost mutation: You are resistant to hostile enchantments. [potion of cure mutation]
  4676 | D:7      | Reached skill level 6 in Invocations
  4883 | D:7      | Bought a scroll of brand weapon for 280 gold pieces
  4883 | D:7      | Bought a scroll of enchant weapon for 105 gold pieces
  5008 | D:7      | Gained mutation: You have a somewhat thin skeletal structure (Dex +2, Stealth). [demonic ancestry]
  5008 | D:7      | Reached XP level 9. HP: 66/68 MP: 13/13
  5090 | D:7      | Noticed Dioneo's ghost (novice HaGl)
  5169 | D:7      | Banished Dioneo's ghost
  5379 | D:7      | Reached skill level 7 in Invocations
  5776 | D:8      | Reached XP level 10. HP: 32/76 MP: 15/15
  5782 | D:8      | Reached skill level 8 in Invocations
  5816 | D:8      | Noticed Prince Ribbit
  6197 | D:8      | Found Waewung's Magic Scroll Shoppe.
  6205 | D:8      | Bought a scroll of teleportation for 36 gold pieces
  6205 | D:8      | Bought a scroll of teleportation for 36 gold pieces
  6276 | D:8      | Killed Prince Ribbit
  6276 | D:8      | Reached ***** piety under Lugonu
  6536 | D:9      | Found a flagged portal.
  6547 | Bailey   | Entered a bailey
  6666 | Bailey   | Got a faintly glowing war axe
  6671 | Bailey   | Identified the +9 war axe "Lenikoma" {pain, *Noise +Inv MR++ Dex+3} (You found it in a bailey)
  7112 | D:9      | Found a shattered altar of Ashenzari.
  7123 | D:9      | Reached skill level 9 in Invocations
  7299 | D:9      | Found a white marble altar of Elyvilon.
  7300 | D:9      | Found an oddly glowing altar of Pakellas.
  7390 | D:10     | Entered Level 10 of the Dungeon
  7448 | D:10     | Reached XP level 11. HP: 83/83 MP: 17/17
  7570 | D:10     | Found a staircase to the Orcish Mines.
  7577 | D:10     | Reached ****** piety under Lugonu
  7609 | D:10     | Reached skill level 10 in Armour
  7623 | D:10     | Noticed Joseph
  7630 | D:10     | Killed Joseph
  8115 | D:11     | Noticed an oklob plant
  8117 | D:11     | Found a staircase to the Lair.
  8124 | D:11     | Killed an oklob plant
  8551 | Lair:1   | Entered Level 1 of the Lair of Beasts
  8556 | Lair:1   | Noticed Erica
  8558 | Lair:1   | Reached skill level 1 in Shields
  8579 | Lair:1   | Killed Erica
  8579 | Lair:1   | Reached skill level 10 in Invocations
  8777 | Lair:1   | Noticed Gastronok
  9383 | Lair:1   | Killed Gastronok
  9715 | Lair:1   | Gained mutation: You have a moderately thin skeletal structure (Dex +4, Stealth+). [demonic ancestry]
  9715 | Lair:1   | Reached XP level 12. HP: 74/91 MP: 20/20
  9727 | Lair:1   | Noticed Harold
  9743 | Lair:1   | Reached skill level 11 in Invocations
  9748 | Lair:1   | Killed Harold
 10199 | Lair:2   | Noticed an eight-headed hydra
 10209 | Lair:2   | Killed a three-headed hydra
 11455 | Lair:4   | Reached skill level 5 in Dodging
 11600 | Lair:4   | Found a staircase to the Swamp.
 11619 | Lair:4   | Reached skill level 12 in Invocations
 11687 | Lair:4   | Gained mutation: You have a pair of large horns on your head. [demonic ancestry]
 11687 | Lair:4   | Reached XP level 13. HP: 64/101 MP: 22/22
 11999 | Lair:4   | Reached skill level 10 in Axes
 12896 | Lair:5   | Found a staircase to the Snake Pit.
 12908 | Lair:5   | Reached skill level 5 in Shields
 14128 | Lair:7   | Reached skill level 13 in Invocations
 14237 | Lair:7   | Identified the Handbook of Ashen Necromancy
 14397 | Lair:7   | Reached skill level 10 in Fighting
 14680 | Lair:7   | Gained mutation: You have an unnaturally thin skeletal structure (Dex +6, Stealth++). [demonic ancestry]
 14680 | Lair:7   | Reached XP level 14. HP: 107/109 MP: 23/23
 14703 | Lair:7   | Found a runed door.
 14704 | Lair:7   | Found a viscous altar of Jiyva.
 14704 | Lair:7   | Noticed an azure jelly
 14705 | Lair:7   | Noticed an azure jelly
 14706 | Lair:7   | Found a staircase to the Slime Pits.
 15390 | Lair:8   | Entered Level 8 of the Lair of Beasts
 15848 | Lair:8   | Noticed Josephine
 15855 | Lair:8   | Killed Josephine
 16675 | Lair:8   | Reached skill level 14 in Invocations
 16890 | Lair:8   | HP: 1/111 [catoblepas (26)]
 16893 | Lair:8   | Reached XP level 15. HP: 21/117 MP: 25/25
 18147 | D:12     | Found Vuuleg's Antique Weapon Shoppe.
 18712 | D:13     | Found a shadowy altar of Dithmenos.
 19195 | D:14     | Noticed Snorg
 19213 | D:14     | Killed Snorg
 19711 | D:14     | Found a gate to the Vaults.
 19872 | D:15     | Entered Level 15 of the Dungeon
 20108 | D:15     | Found a staircase to the Depths.
 20108 | D:15     | Noticed a fire giant
 20121 | D:15     | HP: 5/119 [fire giant/great sword of flaming (16)]
 20614 | Orc:1    | Entered Level 1 of the Orcish Mines
 20642 | Orc:1    | Noticed an orc warlord
 21013 | D:10     | Banished an orc warlord
 21586 | Orc:2    | Entered Level 2 of the Orcish Mines
 21782 | Orc:2    | Found a roughly hewn altar of Beogh.
 21837 | Orc:2    | Found a roughly hewn altar of Beogh.
 21964 | Orc:2    | Noticed Saint Roka
 21981 | Orc:1    | Reached skill level 15 in Invocations
 23338 | Orc:1    | Killed Saint Roka
 23412 | Orc:2    | Found a roughly hewn altar of Beogh.
 23412 | Orc:2    | Found Berux's Antique Weapon Shop.
 23414 | Orc:2    | Found Nyruklargh's Antique Armour Boutique.
 23430 | Orc:2    | Bought a scorched shield for 199 gold pieces
 23440 | Orc:2    | Identified the +3 shield of the Gusle {+Blink Int+4 Dex+2} (You bought it in a shop on level 2 of the Orcish Mines)
 23599 | Orc:2    | Found a staircase to the Elven Halls.
 23619 | Orc:2    | Found a roughly hewn altar of Beogh.
 23646 | Orc:2    | Found a roughly hewn altar of Beogh.
 23780 | Orc:2    | Found Qahebir's Weapon Shop.
 23798 | Orc:2    | Found a roughly hewn altar of Beogh.
 23845 | Orc:2    | Found a roughly hewn altar of Beogh.
 23847 | Orc:2    | Found Haoxib's Distillery.
 23859 | Orc:2    | Bought a potion of beneficial mutation for 420 gold pieces
 23859 | Orc:2    | Gained mutation: Your flesh is heat resistant. [potion of beneficial mutation]
 23956 | Orc:2    | Found a roughly hewn altar of Beogh.
 23959 | Orc:2    | Found Zekame's Food Shoppe.
 24467 | D:15     | Killed a fire giant
 24501 | D:15     | Reached XP level 16. HP: 103/127 MP: 27/27
 24613 | D:15     | Found an oddly glowing altar of Pakellas.
 24921 | Elf:1    | Entered Level 1 of the Elven Halls
 25013 | Elf:1    | Found a frozen archway.
 25045 | IceCv    | Entered an ice cave
 25212 | IceCv    | Got a crystal trident
 26304 | IceCv    | Noticed loom's ghost (journeyman MiBe)
 26320 | IceCv    | Killed loom's ghost
 26355 | IceCv    | Noticed an Ice Fiend
 26374 | IceCv    | Killed from afar by an Ice Fiend

Skill      XL: |  1  2  3  4  5  6  7  8  9 10 11 12 13 14 15 16 |
---------------+-------------------------------------------------+-----
Armour         | 2 3 4 5 7 8 9 10 11 12 13 14 | 14.3
Axes           | 2 3 4 5 7 8 9 10 11 12 13 | 13.0
Dodging        | 1 2 4 5 6 7 |  7.2
Invocations    | 3 4 5 6 7 9 10 12 13 14 15 | 15.7
Fighting       | 4 5 6 7 8 9 10 11 | 11.9
Shields        | 2 4 6 7 8 9 |  9.4
Throwing       | |  0.3

Action                   |  1- 3 |  4- 6 |  7- 9 | 10-12 | 13-15 | 16-18 || total
-------------------------+-------+-------+-------+-------+-------+-------++-------
Melee: War axe           |    71 |    72 |   192 |   530 |  1116 |   201 ||  2182
       Headbutt          |     5 |    11 |    41 |   111 |   317 |    61 ||   546
Throw: Javelin           |       |       |       |       |     4 |       ||     4
Invok: Depart the Abyss  |     1 |       |       |       |       |       ||     1
       Banish            |       |       |     1 |     4 |     6 |       ||    11
       Bend Space        |       |       |       |       |     3 |       ||     3
Evoke: Wand              |       |       |       |       |     1 |       ||     1
  Use: Scroll            |     7 |     3 |    14 |    11 |    18 |       ||    53
       Potion            |       |       |    15 |     8 |    13 |     1 ||    37
 Stab: Invisible         |       |       |     1 |       |     5 |       ||     6
       Distracted        |       |       |       |       |     1 |       ||     1
  Eat: Chunk             |     3 |     4 |    10 |    16 |    25 |     1 ||    59
       Bread ration      |       |       |       |     1 |     2 |     2 ||     5
       Fruit             |       |       |       |    10 |     7 |       ||    17
Armor: Leather armour    |    13 |       |       |       |       |       ||    13
       Chain mail        |    21 |    59 |   136 |   403 |   567 |       ||  1186
       Plate armour      |       |       |       |       |    46 |    87 ||   133
Dodge: Dodged            |    43 |    23 |    92 |   280 |   352 |    47 ||   837
Block: Large shield      |       |       |       |   242 |  1120 |   159 ||  1521
